Map: Equilibrium LE

Players

Mapleroo

  • Race: Protoss Protoss
  • League: Diamond
  • Spawn Location: 11:00

SubN - Winner!

  • Race: Zerg Zerg
  • League: Diamond
  • Spawn Location: 1:00

VOD

Have the link to the VOD?

Description

Time

  • Played on: Dec. 20, 2023, 9:17 p.m.
  • Length: 12:53
Show
View Real Time Build Order
Export as new Build Order

Mapleroo Protoss 

Build Orders:  

Get SALT Encoding   

  12  0:00  Probe  
  13  0:16  Pylon  
  13  0:18  Probe  
  14  0:30  Probe  
  15  0:37  Forge  
  15  0:42  Probe  
  16  0:56  Pylon, Probe  
  17  1:08  Probe  
  18  1:20  Photon Cannon  
  18  1:21  Probe  
  19  1:33  Probe  
  19  1:36  Gateway  
  20  2:03  Nexus  
  20  2:06  Pylon  
  20  2:11  Probe  
  21  2:18  Pylon  
  21  2:21  Assimilator  
  21  2:26  Photon Cannon  
  21  2:28  Probe  
  22  2:34  Assimilator  
  22  2:47  Zealot  
  22  2:51  Photon Cannon  
  24  2:56  Cybernetics Core  
  24  3:01  Probe (Chrono Boost)  
  25  3:12  Pylon, Probe (Chrono Boost)  
  26  3:25  Pylon  
  26  3:28  Probe (Chrono Boost)  
  26  3:30  Probe (Chrono Boost)  
  28  3:38  Warp Gate (Chrono Boost)  
  28  3:39  Probe (Chrono Boost)  
  28  3:41  Probe (Chrono Boost)  
  30  3:45  Probe (Chrono Boost)  
  30  3:46  Stargate, Probe (Chrono Boost)  
  32  3:54  Probe (Chrono Boost)  
  32  3:55  Zealot  
  35  3:56  Probe (Chrono Boost)  
  36  4:06  Probe (Chrono Boost), Twilight Council  
  36  4:08  Probe (Chrono Boost)  
  38  4:11  Probe (Chrono Boost)  
  38  4:12  Probe (Chrono Boost), Assimilator  
  40  4:21  Probe, Assimilator  
  41  4:25  Probe  
  42  4:31  Oracle (Chrono Boost)  
  42  4:33  Probe  
  42  4:37  Probe  
  47  4:39  Zealot  
  47  4:45  Probe  
  50  4:46  Charge  
  50  4:49  Probe  
  51  4:57  Probe  
  52  5:01  Probe  
  52  5:03  Gateway  
  52  5:06  Pylon  
  55  5:17  Oracle  
  53  5:45  Zealot  
  55  5:50  Gateway  
  55  5:52  Robotics Facility  
  55  5:58  Gateway  
  55  5:59  Stargate  
  55  6:02  Gateway  
  55  6:04  Protoss Ground Weapons Level 1 (Chrono Boost)  
  55  6:06  Pylon x2, Zealot x2  
  59  6:39  Zealot x2  
  60  6:46  Blink  
  61  6:48  Observer, Zealot  
  61  6:52  Nexus  
  61  6:53  Pylon  
  63  6:55  Pylon  
  63  6:56  Probe x2  
  63  6:57  Assimilator  
  65  7:02  Assimilator  
  65  7:08  Probe x2  
  65  7:14  Templar Archives  
  57  7:17  Stalker  
  57  7:18  Robotics Bay  
  57  7:20  Probe x2  
  57  7:21  Gateway  
  55  7:26  Stalker  
  55  7:27  Stalker  
  58  7:40  Immortal  
  61  7:47  Pylon  
  61  7:51  Zealot  
  61  7:52  Zealot x4  
  71  7:59  Nexus  
  71  8:10  Robotics Facility  
  71  8:12  Gateway x2  
  71  8:15  Probe x2, Protoss Ground Weapons Level 2 (Chrono Boost)  
  73  8:27  Probe  
  73  8:29  Probe  
  81  8:37  Colossus (Chrono Boost)  
  81  8:38  Protoss Air Weapons Level 1  
  81  8:43  Zealot x2  
  85  8:54  Colossus (Chrono Boost)  
  85  8:57  Probe x2  
  93  9:06  Pylon  
  93  9:09  Probe x2, Stalker  
  97  9:10  High Templar  
  97  9:11  High Templar  
  97  9:16  Archon  
  101  9:20  High Templar x2  
  101  9:22  Zealot x2  
  109  9:24  Archon  
  109  9:32  Probe x3  
  109  9:35  Photon Cannon  
  109  9:37  Gateway  
  112  9:48  Nexus  
  97  10:25  Zealot x2  
  97  10:28  High Templar x2  
  105  10:29  Zealot x2  
  105  10:31  Archon  
  105  10:33  Zealot x3  
  110  10:51  Probe x3  
  110  10:55  Pylon  
  113  10:57  Pylon  
  113  10:58  Colossus x2  
  113  10:59  Extended Thermal Lance  
  113  11:03  Probe x3  
  128  11:12  Fleet Beacon  
  128  11:14  Pylon  
  128  11:15  Pylon x2, Probe  
  128  11:18  Photon Cannon  
  129  11:20  Gateway, Probe x3  
  129  11:22  Gateway  
  132  11:29  Probe  
  132  11:32  Probe x2  
  135  11:39  Probe, Assimilator x2  
  136  11:41  Probe  
  137  11:51  Stargate, Warp Prism  
  137  11:53  Stargate  
  139  12:04  High Templar x3  
  139  12:05  High Templar  
  139  12:07  Tempest x2  
  157  12:09  Archon  
  157  12:10  Archon  
Show
View Real Time Build Order
Export as new Build Order

SubN Zerg - Winner!

Build Orders: Hatch First, Lurkers, Roach Hydra 

Get SALT Encoding   

  12  0:00  Drone  
  13  0:12  Overlord  
  13  0:17  Drone  
  14  0:30  Drone x2  
  16  0:50  Hatchery  
  16  0:53  Drone  
  16  0:56  Drone  
  17  0:59  Drone  
  17  1:01  Extractor  
  17  1:16  Spawning Pool  
  16  1:18  Drone  
  16  1:22  Drone  
  18  1:29  Drone  
  19  1:38  Drone  
  21  2:01  Hatchery  
  21  2:05  Zergling x2  
  21  2:06  Zergling x2  
  22  2:16  Overlord  
  22  2:23  Overlord  
  22  2:30  Metabolic Boost  
  22  2:33  Queen  
  24  2:48  Drone x2  
  26  3:01  Drone  
  27  3:07  Zergling x2  
  28  3:16  Drone x2, Queen  
  32  3:20  Lair  
  31  3:44  Hatchery  
  30  3:48  Drone x2  
  30  3:49  Drone x6  
  30  3:53  Extractor  
  37  4:03  Drone, Roach Warren  
  37  4:04  Drone  
  38  4:12  Drone x2  
  40  4:18  Queen  
  40  4:20  Drone  
  43  4:24  Drone  
  43  4:26  Overlord x2  
  44  4:38  Overlord x3  
  44  4:43  Glial Reconstitution  
  44  4:44  Extractor  
  43  4:46  Drone x2  
  45  4:54  Queen  
  45  4:58  Queen  
  45  4:59  Queen  
  51  5:01  Drone  
  51  5:03  Drone  
  51  5:04  Drone  
  54  5:08  Drone x2  
  54  5:09  Drone  
  57  5:16  Spore Crawler  
  49  5:29  Queen  
  49  5:34  Queen  
  51  5:38  Drone x7  
  51  5:39  Drone x2  
  51  5:40  Drone  
  61  5:47  Drone x5  
  66  5:54  Drone  
  66  5:55  Hydralisk Den  
  66  5:58  Overseer  
  66  6:03  Overseer  
  66  6:05  Overseer  
  66  6:07  Drone x4  
  70  6:11  Extractor  
  70  6:12  Drone x3  
  72  6:21  Drone x4  
  72  6:22  Drone x2  
  78  6:26  Muscular Augments  
  76  6:32  Drone  
  76  6:33  Drone x4  
  78  6:41  Hydralisk x5  
  78  6:42  Hydralisk  
  90  6:49  Overlord  
  90  6:53  Overlord x4  
  80  7:17  Queen x2  
  84  7:24  Roach  
  84  7:25  Roach x9  
  104  7:30  Grooved Spines  
  104  7:36  Extractor  
  103  7:37  Extractor  
  103  7:42  Infestation Pit  
  101  7:45  Lurker Den  
  101  7:48  Hatchery  
  99  8:05  Drone x2  
  101  8:08  Drone x4  
  101  8:10  Drone x2, Evolution Chamber x2  
  101  8:11  Drone  
  106  8:18  Drone  
  106  8:19  Drone x2  
  109  8:20  Overlord x3  
  109  8:44  Hive  
  109  8:47  Lurker x5  
  114  8:48  Hydralisk  
  114  8:52  Zergling x2  
  114  8:53  Zergling x28  
  131  8:59  Zerg Missile Weapons Level 1  
  131  9:02  Zerg Ground Armor Level 1  
  131  9:04  Queen  
  131  9:06  Overlord x4  
  131  9:08  Drone x4  
  137  9:11  Spore Crawler  
  136  9:27  Roach x7  
  136  9:28  Hydralisk, Roach  
  136  9:29  Hydralisk x4  
  162  9:48  Drone x2  
  162  9:49  Drone x6  
  162  9:50  Drone x2, Extractor x2  
  170  9:57  Hydralisk x3  
  173  10:24  Overlord  
  173  10:25  Overlord x5  
  163  10:46  Hatchery  
  163  10:47  Seismic Spines  
  163  10:48  Viper x3  
  166  10:52  Overseer  
  166  10:53  Overseer  
  166  11:02  Drone x3  
  169  11:08  Lurker  
  170  11:11  Lurker  
  170  11:12  Extractor  
  170  11:13  Extractor  
  170  11:18  Drone x3  
  172  11:19  Drone x3  
  172  11:20  Drone  
  172  11:25  Drone x2  
  178  11:26  Drone x3  
  181  11:33  Viper  
  181  11:36  Overseer  
  184  11:44  Zergling x2, Adaptive Talons  
  184  11:45  Zergling x6  
  188  12:01  Hatchery  
  187  12:13  Zergling x2  
Tags
 
Add a new tag
Caveats
  • Supply blocks, unpowered buildings, or Contaminate may cause inaccurate times.
  • Supply counts are checked every 10 seconds.